 Dungeon Crawl Stone Soup version 0.29-a0-422-gafbd6decc1 (webtiles) character file.

Game seed: 1623617526388784746

412 happo123 the Ruffian (level 6, -4/61 HPs)
             Began as a Troll Berserker on May 18, 2022.
             Was a Believer of Trog.
             Slain by an iguana (7 damage)
             ... on level 4 of the Dungeon.
             The game lasted 00:09:14 (2455 turns).

happo123 the Ruffian (Troll Berserker)              Turns: 2455, Time: 00:09:15

Health: -4/61      AC:  0    Str: 28    XL:     6   Next: 59%
Magic:  5/5        EV: 11    Int:  3    God:    Trog [**....]
Gold:   227        SH:  0    Dex: 18    Spells: 5/5 levels left

rFire   . . .      SeeInvis .     - Unarmed
rCold   . . .      Faith    .   (no shield)
rNeg    + . .      Spirit   .   x - +0 robe {Will+}
rPois   .          Reflect  .   (helmet restricted)
rElec   .          Harm     .   o - scarf {repulsion}
rCorr   .          Rampage  .   (gloves unavailable)
Will    ++...                   (boots unavailable)
Stlth   ++........              k - amulet of Cucapton {RegenMP *Corrode Will+ Dex+3 Slay+3}
HPRegen 1.00/turn               d - +6 ring of dexterity
MPRegen 0.49/turn               i - ring of positive energy

@: corroded, repel missiles
A: large, unfitting armour, claws 3, regeneration 1, shaggy fur 1, tough skin 1
a: Renounce Religion, Berserk, Trog's Hand


You were on level 4 of the Dungeon.
You worshipped Trog.
Trog was pleased with you.
You visited 1 branch of the dungeon, and saw 4 of its levels.

You collected 227 gold pieces.

Inventory:

Armour
 a - a +0 animal skin
 o - a scarf of repulsion (worn)
 x - a +0 robe of willpower (worn)
Jewellery
 d - a +6 ring of dexterity (left claw)
 i - a ring of positive energy (right claw)
 k - the amulet of Cucapton (around neck) {RegenMP *Corrode Will+ Dex+3 Slay+3}
   (You found it on level 2 of the Dungeon)

   [amulet of magic regeneration]

   It increases your rate of magic regeneration.
   Dex:       It affects your dexterity (+3).
   Slay:      It affects your accuracy & damage with ranged weapons and melee
   (+3).
   *Corrode:  It may corrode you when you take damage.
   Will:      It increases your willpower.
Scrolls
 c - 3 scrolls of noise {unknown}
 e - 2 scrolls of vulnerability {unknown}
 f - 2 scrolls of fog {unknown}
 j - a scroll of brand weapon {unknown}
 l - 2 scrolls of immolation {unknown}
 m - a scroll of blinking {unknown}
 p - 4 scrolls of identify {unknown}
 q - a scroll of summoning {unknown}
 r - a scroll of silence {unknown}
 t - a scroll of amnesia {unknown}
 u - a scroll of teleportation {unknown}
 w - a scroll of poison {unknown}
Potions
 b - 2 potions of degeneration {unknown}
 g - a potion of cancellation {unknown}
 h - 4 potions of curing {unknown}
 n - 2 potions of might {unknown}
 s - a potion of invisibility {unknown}
 v - 2 potions of attraction {unknown}


   Skills:
 + Level 3.2 Fighting
 + Level 3.6 Dodging
 + Level 1.0 Stealth
 + Level 5.7 Unarmed Combat


You had 5 spell levels left.
You didn't know any spells.
Your spell library was empty.

Dungeon Overview and Level Annotations

Branches:
Dungeon (4/15)
 Temple: D:4-7

Altars:

Annotations:
D:4 potion requires dig


Innate Abilities, Weirdness & Mutations

You are too large for most types of armour.
You have claws for hands.
Your natural rate of healing is unusually fast.
You are covered in fur. (AC +1)
You have tough skin. (AC +1)


Message History

The jelly quivers.
The orc hits you with a +0 hand axe.
There is an open door here.
You claw the orc!
You kill the orc!
Trog accepts your kill.
The orc priest shouts!
You barely miss the iguana.
The iguana bites you but does no damage.
You scratch the iguana.
The iguana is lightly wounded.
The orc priest miscasts a cantrip.
The orc priest calls down the wrath of Beogh upon you.
Beogh smites you! The iguana bites you.
You claw the iguana!
The iguana is almost dead.
The jelly hits you.
You are splashed with acid!
The iguana closely misses you.
You claw the jelly!
Your claws burn!
The jelly is severely wounded.
The jelly hits you.
You are splashed with acid!
* * * LOW HITPOINT WARNING * * *
The orc priest mumbles some strange prayers to Beogh against you.
Beogh smites you!
* * * LOW HITPOINT WARNING * * *
The iguana closely misses you.
You barely miss the jelly.
The jelly is severely wounded.
The jelly hits you.
* * * LOW HITPOINT WARNING * * *
The acid corrodes you!
You are splashed with acid!
* * * LOW HITPOINT WARNING * * *
The orc priest hits you with a +0 mace.
* * * LOW HITPOINT WARNING * * *
The iguana closely misses you.
You claw the jelly!
You kill the jelly!
Trog accepts your kill.
The orc priest attacks as you move away!
The orc priest barely misses you. The iguana bites you!
You die...

#....# #....# #.......# #....#
#.......+ #....# #.......#
#....# #.......# #....#
#.......# #....# #.......+
#....#######...o...#
#..............@l..#
#...........####o###
#...........#......#
#...........+......# ###
#...........###'#### #.####
#.....(............# #####.....
#....####+##....)..####.........
#|...# #....................
#....# #...............#....


You could see an iguana and 2 orc priests.

Vanquished Creatures
  Sigmund (D:2)
  A howler monkey (D:3)
  A jelly (D:4)
  3 gnolls (D:3)
  8 adders
  An ufetubus (D:4)
  A dart slug (D:2)
  2 orcs
  4 ball pythons
  6 endoplasms
  2 giant cockroaches (D:2)
  9 goblins
  4 hobgoblins
  3 jackals (D:1)
  A quokka (D:1)
  3 bats
  4 frilled lizards
  8 kobolds
  6 rats
68 creatures vanquished.

Notes
Turn   | Place    | Note
-------+----------+-------------------------------------------
     0 | D:1      | happo123 the Troll Berserker began the quest for the Orb.
     0 | D:1      | Reached XP level 1. HP: 22/22 MP: 0/0
     2 | D:1      | Noticed a demonspawn
     2 | D:1      | Noticed a spriggan
     4 | D:1      | Noticed a human
     4 | D:1      | Noticed a vampire
     6 | D:1      | Noticed a formicid
     8 | D:1      | Noticed an octopode
    12 | D:1      | Noticed a draconian
    14 | D:1      | Noticed a dwarf
    16 | D:1      | Noticed a tengu
    16 | D:1      | Noticed a vine stalker
    18 | D:1      | Noticed an elf
    18 | D:1      | Noticed a ghoul
    20 | D:1      | Noticed an ogre
    20 | D:1      | Noticed a naga
    22 | D:1      | Noticed a gargoyle
    22 | D:1      | Noticed a merfolk
    24 | D:1      | Noticed a demigod
    24 | D:1      | Noticed a minotaur
    26 | D:1      | Noticed a troll
    28 | D:1      | Noticed a felid
    90 | D:1      | Reached XP level 2. HP: 29/29 MP: 1/1
   223 | D:1      | Noticed a shining eye
   225 | D:1      | Found a faded altar of an unknown god.
   226 | D:1      | Noticed a great orb of eyes
   226 | D:1      | Noticed an eye of devastation
   226 | D:1      | Noticed an eye of devastation
   606 | D:2      | Reached XP level 3. HP: 36/36 MP: 2/2
   709 | D:2      | Identified the amulet of Cucapton {RegenMP *Corrode Will+
                  | Dex+3 Slay+3}
   727 | D:2      | Reached ** piety under Trog
   734 | D:2      | Reached skill level 4 in Unarmed Combat
   734 | D:2      | Reached XP level 4. HP: 40/44 MP: 3/3
  1126 | D:2      | Noticed Sigmund
  1137 | D:2      | Killed Sigmund
  1138 | D:2      | Reached skill level 5 in Unarmed Combat
  1138 | D:2      | Reached XP level 5. HP: 53/53 MP: 4/4
  1138 | D:2      | Reached XP level 6. HP: 61/61 MP: 5/5
  1545 | D:3      | Found Vosoinue's Antique Armour Shop.
  1723 | D:3      | Reached skill level 1 in Stealth
  2453 | D:4      | HP: 2/61 [acid (7)]
  2455 | D:4      | Slain by an iguana

Illustrated notes

Levels and vault maps discovered:
D:1:      kb_arrival_jail, layout_basic, hellmonk_ecumenical_altar_watching_god
D:2:      layout_basic, uniq_sigmund
D:3:      layout_basic, serial_shops, nicolae_shop_overgrown_old_shop,
          chequers_jeans
D:4:      layout_gridville, minmay_statues_item

Skill      XL: |  1  2  3  4  5  6 |
---------------+-------------------+-----
Dodging        | 3 |  3.6
Unarmed Combat | 4 5 |  5.7
Fighting       | 3 |  3.2
Stealth        | 1 |  1.0

Action                   |  1- 3 |  4- 6 || total
-------------------------+-------+-------++-------
Melee: Unarmed           |    74 |    71 ||   145
Invok: Berserk           |       |     1 ||     1
 Stab: Sleeping          |     2 |     1 ||     3
Armor: Animal skin       |    29 |    14 ||    43
       Robe              |       |     1 ||     1
Dodge: Dodged            |    46 |    29 ||    75

Table legend: (Time is in decaauts)
 A = Elapsed time spent in this place.
 B = Non-inter-level travel time spent in this place.
 C = Inter-level travel time spent in this place.
 D = Time resting spent in this place.
 E = Time spent auto-exploring this place.
 F = Levels seen in this place.
 G = Mean time per level.
                   A        B        C        D        E       F      G
               +--------+--------+--------+--------+--------+-----+--------+
         Total |   2449 |   2149 |    300 |      0 |   1666 |   4 |  612.2 |
       Dungeon |   2449 |   2149 |    300 |      0 |   1666 |   4 |  612.2 |
               +--------+--------+--------+--------+--------+-----+--------+

Top non-repeatable levels by time:
     D:2: 1014 daAuts
     D:1: 522 daAuts
     D:3: 515 daAuts
     D:4: 397 daAuts
